 Dungeon Crawl Stone Soup version 0.27-a0-277-g024f7ef292 (webtiles) character file.

Game seed: 17010555582045067970

180 Borgoz the Ruffian (level 5, -2/45 HPs)
             Began as a Ghoul Gladiator on Feb 5, 2021.
             Slain by Natasha (7 damage)
             ... on level 3 of the Dungeon.
             The game lasted 00:02:52 (3478 turns).

Borgoz the Ruffian (Ghoul Gladiator)                Turns: 3478, Time: 00:02:53

Health: -2/45      AC:  7    Str: 17 (18) XL:     5   Next: 60%
Magic:  4/4        EV: 11    Int:  3      God:
Gold:   92         SH:  0    Dex:  9 (11) Spells: 4/4 levels left

rFire    . . .     SeeInvis .     - Unarmed
rCold    + . .     Faith    .   (no shield)
rNeg     + + +     Spirit   .   h - +0 ring mail
rPois    ∞         Reflect  .   b - +1 helmet
rElec    .         Harm     .   (no cloak)
rCorr    .         Rampage  .   (no gloves)
Will     .....                  (no boots)
Stlth    ..........             (no amulet)
HPRegen  0.00/turn              (no ring)
MPRegen  0.09/turn              (no ring)

@: slowed, very slow
A: claws 1, cold resistance 1, negative energy resistance 3, inhibited
regeneration, torment resistance, unbreathing
a: no special abilities


You were on level 3 of the Dungeon.
You visited 1 branch of the dungeon, and saw 3 of its levels.

You collected 92 gold pieces.

Inventory:

Missiles
 c - 3 throwing nets (quivered)
Armour
 b - a +1 helmet (worn)
 h - a +0 ring mail (worn)
Jewellery
 g - an uncursed ring of ice
Scrolls
 a - a scroll of enchant armour
 e - a scroll of blinking
 i - a scroll of teleportation
Potions
 d - a potion of haste
 k - a potion of flight


   Skills:
 + Level 3.5 Fighting
 - Level 1.7 Throwing
 + Level 2.1 Armour
 + Level 3.5 Dodging
 + Level 4.4 Unarmed Combat


You had 4 spell levels left.
You didn't know any spells.
Your spell library was empty.

Dungeon Overview and Level Annotations

Branches:
Dungeon (3/15)

Altars:
Elyvilon

Annotations:
D:3 Natasha


Innate Abilities, Weirdness & Mutations

You thrive by killing the living.
You are immune to poison.
You have sharp fingernails.
Your flesh is cold resistant. (rC+)
You are immune to negative energy. (rN+++)
You do not regenerate when monsters are visible.
You are immune to unholy pain and torment.
You can survive without breathing.


Message History

You barely miss Natasha.
Natasha is almost dead.
Natasha casts a spell at you. The magic dart hits you.
* * * LOW HITPOINT WARNING * * *
Natasha splashes around in the water.
You completely miss Natasha.
Natasha is almost dead.
Natasha extends her claws.
Natasha claws you.
* * * LOW HITPOINT WARNING * * *
It was a potion of mutation.
You feel extremely strange.
Your body decomposes!
You feel weakened.
Your body decomposes!
You feel clumsy.
Your body decomposes!
You feel clumsy. Natasha claws you!
You die...

#.....#<...#.################
#.###.#.#.##.####
#.....#.#.......
#.###.#.#####.#######
#....>...............
##########.##.####
...........#.####
########≈.≈≈.≈..##
#....≈@h≈≈.≈# #.##.≈≈♣.≈..##
#.#.≈≈≈.≈##..########
#..♣≈≈≈≈.≈≈..........
####≈...≈≈.≈#########.#
#≈♣.≈..≈≈≈≈# #.# #≈≈.≈♣≈≈.###
#.# #..≈≈≈.≈..≈# #.#
##.≈≈♣≈≈..####### #.#


You could see Natasha.

Vanquished Creatures
  Natasha (twice) (D:3)
  A worker ant (D:2)
  4 adders
  A worm (D:3)
  2 dart slugs (D:2)
  5 leopard geckos
  An orc (D:3)
  2 giant cockroaches
  7 goblins
  10 hobgoblins
  2 jackals (D:2)
  3 ball pythons (D:1)
  4 bats
  4 frilled lizards
  6 kobolds
  9 rats
63 creatures vanquished.

Vanquished Creatures (others)
  A quokka (D:2)
1 creature vanquished.

Grand Total: 64 creatures vanquished

Notes
Turn   | Place    | Note
-------+----------+-------------------------------------------
     0 | D:1      | Borgoz the Ghoul Gladiator began the quest for the Orb.
     0 | D:1      | Reached XP level 1. HP: 17/17 MP: 0/0
   228 | D:1      | Reached XP level 2. HP: 25/25 MP: 1/1
   560 | D:1      | Reached XP level 3. HP: 28/30 MP: 2/2
   561 | D:1      | Reached skill level 1 in Armour
  1696 | D:2      | Found a white marble altar of Elyvilon.
  2082 | D:2      | Reached XP level 4. HP: 37/37 MP: 3/3
  2124 | D:2      | Reached skill level 4 in Unarmed Combat
  3001 | D:3      | Reached XP level 5. HP: 45/45 MP: 4/4
  3033 | D:3      | Lost intelligence.
  3049 | D:3      | Noticed Natasha
  3058 | D:3      | Killed Natasha
  3421 | D:3      | Noticed Natasha
  3438 | D:3      | Killed Natasha
  3459 | D:3      | Noticed Natasha
  3478 | D:3      | Slain by Natasha

Illustrated notes

Levels and vault maps discovered:
D:1:      saegor_arrival_miasma, layout_basic
D:2:      layout_loops_cross, serial_co_window_serial, co_window_paths_a,
          co_window_of_opportunity_a, co_window_corner_a,
          co_window_of_opportunity_a, co_window_paths_a, co_window_paths_a,
          co_window_broadway_a, co_window_paths_c, co_window_2corner,
          co_window_corner_b, co_window_broadway_c, co_window_paths_c,
          co_window_4corner_a, co_window_paths_d, glass_columns_b,
          glass_columns_b, minmay_misc_feat_tiny, minmay_misc_feat_four_crosses,
          elyvilon_altar_4
D:3:      layout_basic, chequers_serial_rivers_marsh, wad_floor_pattern_2,
          uniq_natasha

Skill      XL: |  1  2  3  4  5 |
---------------+----------------+-----
Dodging        | 3 |  3.5
Armour         | 1 2 |  2.1
Fighting       | 3 |  3.5
Unarmed Combat | 4 |  4.4
Throwing       | |  1.7

Action                   |  1- 3 |  4- 6 || total
-------------------------+-------+-------++-------
Melee: Unarmed           |   126 |   110 ||   236
       Punch             |     2 |       ||     2
Throw: Throwing net      |     3 |       ||     3
  Use: Scroll            |     6 |     2 ||     8
       Potion            |       |     2 ||     2
Armor: Leather armour    |    19 |       ||    19
       Ring mail         |    18 |    33 ||    51
Dodge: Dodged            |    85 |    56 ||   141

Table legend: (Time is in decaauts)
 A = Elapsed time spent in this place.
 B = Non-inter-level travel time spent in this place.
 C = Inter-level travel time spent in this place.
 D = Time resting spent in this place.
 E = Time spent auto-exploring this place.
 F = Levels seen in this place.
 G = Mean time per level.
                   A        B        C        D        E       F      G
               +--------+--------+--------+--------+--------+-----+--------+
         Total |   3479 |   3293 |    186 |    165 |   2622 |   3 | 1159.7 |
       Dungeon |   3479 |   3293 |    186 |    165 |   2622 |   3 | 1159.7 |
               +--------+--------+--------+--------+--------+-----+--------+

Top non-repeatable levels by time:
     D:1: 1383 daAuts
     D:2: 1340 daAuts
     D:3: 755 daAuts
